 Dungeon Sprint DCSS version 0.30-a0-1112-gfb780f5df6 (webtiles) character file.

Game seed: 4518960985722460820

564 sircluck the Cleaver (level 7, -6/111 HPs)
             Began as a Hill Orc Berserker on Apr 19, 2023.
             Was a High Priest of Trog.
             Mangled by a fire elemental (10 damage)
             ... summoned by a deep elf pyromancer
             ... in the Dungeon (Sprint III: "The Ten Rune Challenge").
             The game lasted 00:02:05 (436 turns).

sircluck the Cleaver (Hill Orc Berserker)            Turns: 436, Time: 00:02:05

Health: -6/111     AC:  2    Str: 22    XL:     7   Next: 32%
Magic:  7/7        EV: 13    Int:  7    God:    Trog [*****.]
Gold:   19         SH:  0    Dex: 10    Spells: 6/6 levels left

rFire   . . .      SeeInvis .    a - +0 hand axe
rCold   . . .      Faith    .    (no shield)
rNeg    . . .      Spirit   .    b - +0 animal skin
rPois   .          Reflect  .    (no helmet)
rElec   .          Rampage  .    (no cloak)
rCorr   .          NoTele   +    (no gloves)
Will    .....                    (no boots) Stlth
                                 (no amulet)
HPRegen 0.38/turn                (no ring)
MPRegen 0.10/turn                (no ring)

@: berserking, very quick
A: no striking features
a: Renounce Religion, Berserk, Trog's Hand, Brothers in Arms


You were in the Dungeon.
You worshipped Trog.
Trog was extremely pleased with you.
You visited 1 branch You collected 19 gold pieces.

Inventory:

Hand Weapons
 a - a +0 hand axe (weapon)
Armour
 b - a +0 animal skin (worn)
Wands
 j - a wand of flame (41)
Scrolls
 h - a scroll of blinking
 m - 3 scrolls of identify
Potions
 c - a potion of curing
 d - 2 potions of heal wounds
 e - a potion of haste
 f - 2 potions of magic
 i - a potion of degeneration {unknown}
 k - 4 potions of mutation {unknown}
 n - 2 potions of might
 o - 4 potions of flight


   Skills:
 + Level 11.4 Fighting
 + Level 13.7 Axes
 + Level 4.9 Armour
 + Level 4.8 Dodging


You had 6 spell levels left.
You didn't know any spells.
Your spell library was empty.

Dungeon Overview and Level Annotations

Branches:
Dungeon (1/1)

Altars:
Dithmenos
Elyvilon
Kikubaaqudgha
Okawaru
Ru
Sif Muna
Trog
Uskayaw
Vehumet
Wu Jian
Yredelemnul
Zin
The Shining One
Beogh


Message History

You hit the fire elemental.
You barely miss the deep elf pyromancer.
The deep elf pyromancer is almost dead.
You barely miss the fire elemental. The fire elemental closely misses you.
The deep elf pyromancer hits you with a +0 long sword of holy wrath!
You are too injured to fight recklessly!
You are too injured to fight recklessly!
You are too injured to fight recklessly!
You are too injured to fight recklessly!
You are too injured to fight recklessly!
You are too injured to fight recklessly!
You hit the deep elf pyromancer.
The deep elf pyromancer is almost dead.
You hit the fire elemental. The fire elemental closely misses you.
The deep elf pyromancer barely misses you.
You hit the deep elf pyromancer.
The deep elf pyromancer is almost dead.
You hit the fire elemental. The fire elemental hits you.
The fire elemental burns you!
You miss the deep elf pyromancer.
The deep elf pyromancer is almost dead.
You barely miss the fire elemental.
The deep elf pyromancer gestures wildly while chanting.
You closely miss the deep elf pyromancer.
The deep elf pyromancer is almost dead.
You hit the fire elemental. The fire elemental hits you.
The fire elemental burns you!
* * * LOW HITPOINT WARNING * * *
You hit the deep elf pyromancer.
The deep elf pyromancer is almost dead.
You hit the fire elemental but do no damage.
The fire elemental hits you. The fire elemental burns you!
* * * LOW HITPOINT WARNING * * *
The deep elf pyromancer misses you.
A red film seems to cover your vision as you go berserk!
You feel yourself moving faster!
You feel mighty! The fire elemental closely misses you.
The fire elemental hits you.
* * * LOW HITPOINT WARNING * * *
The fire elemental burns you!
You die...

▓▓▓▓ ▓▓▓ ..)####
##.############
......#####..#___#___#__#
.......#..#..#...#__.#._#
#.##...#..#..###@#○###)##
#.###..##'#..#.EEeE.....#
##.##..###...'.⌠○.......#
..##.†####...#...######+#
..##..###....#.⌠.#
.##...##.....#...#
##....#÷.....#'###
##..##.#.....#))§# #..
####....#___#


You could see a deep elf pyromancer and 3 fire elementals.

Vanquished Creatures
  A necrophage (D)
  A water elemental (D)
  A scorpion (D)
  Jessica (D)
  A wizard (D)
  A necromancer (D)
  3 humans (D)
  A kobold demonologist (D)
  2 endoplasms (D)
  A rat (D)
13 creatures vanquished.

Notes
Turn   | Place    | Note
-------+----------+-------------------------------------------
     0 | D        | sircluck the Hill Orc Berserker began the quest for the
                  | Orb.
     0 | D        | Reached XP level 1. HP: 19/19 MP: 1/1
    24 | D        | Noticed Jessica
    28 | D        | Killed Jessica
    28 | D        | Reached ** piety under Trog
    29 | D        | Reached skill level 5 in Fighting
    29 | D        | Reached skill level 6 in Axes
    29 | D        | Reached XP level 2. HP: 24/29 MP: 2/2
    29 | D        | Reached XP level 3. HP: 30/36 MP: 3/3
    62 | D        | Noticed a scorpion
    72 | D        | Reached skill level 7 in Axes
    81 | D        | Killed a scorpion
    81 | D        | Reached *** piety under Trog
    82 | D        | Reached skill level 8 in Axes
    82 | D        | Reached XP level 4. HP: 8/47 MP: 4/4
   243 | D        | Noticed a water elemental
   248 | D        | Killed a water elemental
   249 | D        | Reached skill level 10 in Axes
   249 | D        | Reached XP level 5. HP: 56/56 MP: 5/5
   292 | D        | Found a basalt altar of Yredelemnul.
   292 | D        | Found a shadowy altar of Dithmenos.
   292 | D        | Found a sacrificial altar of Ru.
   298 | D        | Reached skill level 11 in Axes
   298 | D        | Reached XP level 6. HP: 59/63 MP: 6/6
   317 | D        | Found a hide-covered altar of Uskayaw.
   317 | D        | Found a roughly hewn altar of Beogh.
   317 | D        | Found an iron altar of Okawaru.
   317 | D        | Found a bloodstained altar of Trog.
   317 | D        | Found an ornate altar of the Wu Jian Council.
   317 | D        | Noticed a human
   318 | D        | Noticed a human
   325 | D        | Killed a human
   325 | D        | Reached **** piety under Trog
   326 | D        | Reached skill level 10 in Fighting
   326 | D        | Reached skill level 12 in Axes
   331 | D        | Killed a human
   332 | D        | Reached skill level 13 in Axes
   332 | D        | Reached XP level 7. HP: 74/74 MP: 7/7
   348 | D        | Found a radiant altar of Vehumet.
   348 | D        | Found a shimmering blue altar of Sif Muna.
   348 | D        | Found an ancient bone altar of Kikubaaqudgha.
   354 | D        | Noticed a soul eater
   355 | D        | Reached ***** piety under Trog
   413 | D        | Found a glowing silver altar of Zin.
   413 | D        | Found a glowing golden altar of the Shining One.
   413 | D        | Found a white marble altar of Elyvilon.
   414 | D        | Noticed a deep elf pyromancer
   429 | D        | Noticed a fire elemental
   434 | D        | Noticed a fire elemental
   435 | D        | HP: 3/74 [fire elemental[a deep elf pyromancer] (14)]
   436 | D        | Noticed a fire elemental
   436 | D        | Mangled by a fire elemental

Illustrated notes

Levels and vault maps discovered:
D:        dungeon_sprint_mu [sprint_mu_entry_cave, sprint_mu_temple_rooms,
          sprint_mu_d1_spiders, sprint_mu_d2_genie, sprint_mu_d3_branching,
          sprint_mu_orc_legion, sprint_mu_elf_gauntlet, sprint_mu_hive_nellie,
          sprint_mu_lair_fedhas, sprint_mu_vaults_butterflies,
          sprint_mu_slime_circle, sprint_mu_swamp_cave, sprint_mu_shoals_archi,
          sprint_mu_blade_basic, sprint_mu_crypt_lich, sprint_mu_tomb_spiral,
          sprint_mu_vestibule_basic, sprint_mu_gehenna_hellfire,
          sprint_mu_dis_giant, sprint_mu_tartarus_statrot,
          sprint_mu_cocytus_islands, sprint_mu_zot1]

Skill      XL: |  1  2  3  4  5  6 |
---------------+-------------------+-----
Fighting       | 5 7 8 9 11 | 11.4
Axes           | 6 8 10 11 13 | 13.7
Dodging        | 2 3 4 |  4.8
Armour         | 3 4 |  4.9

Action                     |  1- 3 |  4- 6 |  7- 9 || total
---------------------------+-------+-------+-------++-------
  Melee: Hand axe          |    21 |    22 |    22 ||    65
 Invoke: Berserk           |     1 |     2 |       ||     3
    Use: Scroll            |       |     2 |       ||     2
         Potion            |       |       |     1 ||     1
 Armour: Animal skin       |       |       |     4 ||     4
  Dodge: Dodged            |     8 |     5 |     8 ||    21

Table legend: (Time is in decaauts)
 A = Elapsed time spent in this place.
 B = Non-inter-level travel time spent in this place.
 C = Inter-level travel time spent in this place.
 D = Time resting spent in this place.
 E = Time spent auto-exploring this place.
 F = Levels seen in this place.
 G = Mean time per level.
                   A        B        C        D        E       F      G
               +--------+--------+--------+--------+--------+-----+--------+
         Total |    448 |    448 |      0 |    249 |     40 |   1 |  448.0 |
       Dungeon |    448 |    448 |      0 |    249 |     40 |   1 |  448.0 |
               +--------+--------+--------+--------+--------+-----+--------+

Top non-repeatable levels by time:
       D: 448 daAuts
